 Dungeon Crawl Stone Soup version 0.25.0-1-g7eea58d2a3 (webtiles) character file.

Game seed: 8286074344118714298

5611 Buyout the Spear-Bearer (level 11, -1/81 HPs)
             Began as a Human Gladiator on June 15, 2020.
             Was a Priest of Nemelex Xobeh.
             Slain by a two-headed ogre
             ... wielding a +0 giant club
              (21 damage)
             ... on level 8 of the Dungeon.
             The game lasted 01:48:00 (11305 turns).

Buyout the Spear-Bearer (Human Gladiator)          Turns: 11305, Time: 01:48:00

Health: -1/81      AC: 17    Str: 25 (28) XL:     11   Next: 3%
Magic:  11/11      EV:  9    Int:  7 (8)  God:    Nemelex Xobeh [***...]
Gold:   215        SH: 12    Dex: 22 (23) Spells: 10/10 levels left

rFire    . . .     SeeInvis .   Q - +3 spear "Pojihowo" {flame, rElec Str+6}
rCold    . . .     Gourm    .   t - +0 kite shield
rNeg     . . .     Faith    +   C - +0 plate armour
rPois    .         Spirit   .   c - +0 helmet
rElec    +         Reflect  .   r - +2 cloak
rCorr    .         Harm     .   (no gloves)
MR       .....                  A - +0 pair of boots
Stlth    ..........             g - amulet of faith
HPRegen  0.23/turn              S - +6 ring of dexterity
MPRegen  0.12/turn              w - +6 ring of strength (curse)

@: lightly drained
A: no striking features
a: Draw Escape, Draw Destruction, Draw Summoning, Triple Draw, Renounce Religion


You were on level 8 of the Dungeon.
You worshipped Nemelex Xobeh.
Nemelex Xobeh was most pleased with you.
You were hungry.

You visited 2 branches of the dungeon, and saw 10 of its levels.

You collected 359 gold pieces.
You spent 144 gold pieces at shops.

Inventory:

Hand Weapons
 a - a +1 long sword
 e - a +1 whip of flaming
 u - a +2 vorpal hand axe
 G - a +4 mace
 H - a +1 vorpal hand axe
 K - a +0 whip of electrocution
 N - a +2 battleaxe
 O - a +0 hunting sling
 Q - the +3 spear "Pojihowo" (weapon) {flame, rElec Str+6}
   (You found it on level 5 of the Dungeon)

   It has been specially enchanted to burn those struck by it, causing extra
   injury to most foes and up to half again as much damage against particularly
   susceptible opponents.
   It affects your strength (+6).
   It insulates you from electricity.
 R - a +1 morningstar of holy wrath
 Z - a +3 falchion
Missiles
 d - 2 throwing nets
 x - 7 curare-tipped darts
 y - 9 boomerangs (quivered)
 I - 172 arrows
 L - 52 bolts
 U - 14 poisoned darts
Armour
 b - a +0 leather armour
 c - a +0 helmet (worn)
 n - the +1 ring mail of Day {rCorr Str+2 Int+4}
   (You found it on level 4 of the Dungeon)

   It affects your strength (+2).
   It affects your intelligence (+4).
   It provides partial protection from all sources of acid and corrosion.
 r - a +2 cloak (worn)
 t - a +0 kite shield (worn)
 A - a +0 pair of boots (worn)
 C - a +0 plate armour (worn)
Jewellery
 g - an amulet of faith (around neck)
 w - a cursed +6 ring of strength (right hand)
 S - a +6 ring of dexterity (left hand)
 T - an uncursed ring of protection from magic
Wands
 j - a wand of paralysis (11)
 z - a wand of acid (13)
 B - a wand of digging (6)
 V - a wand of iceblast (6)
Scrolls
 i - 2 scrolls of teleportation
 k - a scroll of amnesia
 q - a scroll of noise {unknown}
 D - 2 scrolls of identify
 J - 3 scrolls of remove curse
 P - a scroll of silence {unknown}
Potions
 l - 2 potions of brilliance
 o - a potion of haste
 p - 4 potions of curing
 s - a potion of stabbing
 E - a potion of berserk rage
 X - a potion of cancellation
Comestibles
 f - 8 rations


   Skills:
 + Level 5.8(5.4) Fighting
 - Level 5.5(5.2) Long Blades
 * Level 8.9(8.5) Polearms
 - Level 3.1(2.7) Throwing
 + Level 5.3(4.9) Armour
 + Level 5.1(4.7) Dodging
 * Level 7.7(7.3) Shields
 + Level 0.3(0.0) Evocations


You had 10 spell levels left.
You didn't know any spells.
Your spell library contained the following spells:

 Spells                   Type           Power        Failure   Level  Hunger
 Corona                   Hex            #......      100%        1    ##.....
 Magic Dart               Conj           #...         100%        1    ##.....
 Summon Butterflies       Summ           #.......     100%        1    ##.....
 Summon Small Mammal      Summ           #...         100%        1    ##.....
 Blink                    Tloc           N/A          100%        2    ###....
 Call Imp                 Summ           #.......     100%        2    ###....
 Ensorcelled Hibernation  Hex/Ice        #.....       100%        2    ###....
 Slow                     Hex            #.......     100%        2    ###....
 Call Canine Familiar     Summ           #.......     100%        3    ####...
 Confusing Touch          Hex            #.......     100%        3    ####...
 Conjure Flame            Conj/Fire      #.......     100%        3    ####...
 Dazzling Flash           Conj/Hex       #.....       100%        3    ####...
 Inner Flame              Hex/Fire       #.......     100%        3    ####...
 Mephitic Cloud           Conj/Pois/Air  #.......     100%        3    ####...
 Portal Projectile        Hex/Tloc       #.....       100%        3    ####...
 Summon Guardian Golem    Hex/Summ       #.......     100%        3    ####...
 Tukima's Dance           Hex            #.......     100%        3    ####...
 Cause Fear               Hex            #.........   100%        4    #####..
 Leda's Liquefaction      Hex/Erth       #.........   100%        4    #####..
 Summon Ice Beast         Ice/Summ       #.......     100%        4    #####..
 Summon Lightning Spire   Summ/Air       #.......     100%        4    #####..
 Summon Mana Viper        Hex/Summ       #.......     100%        5    ######.
 Summon Hydra             Summ           #.........   100%        7    #######


Dungeon Overview and Level Annotations

Branches:
Dungeon (9/15)             Temple (1/1) D:6            Lair (0/6) D:9
    Orc: D:9-12

Altars:
Ashenzari
Cheibriados
Dithmenos
Elyvilon
Fedhas
Gozag
Hepliaklqana
Kikubaaqudgha
Makhleb
Nemelex Xobeh
Okawaru
Qazlal
Sif Muna
Trog
Uskayaw
Vehumet
Wu Jian
Xom
Yredelemnul
Zin
The Shining One

Shops:
D:6 !   D:8 }


Message History

You hit the two-headed ogre. You burn the two-headed ogre.
The two-headed ogre is moderately wounded.
The two-headed ogre barely misses you.
The two-headed ogre hits you but does no damage.
You hit the two-headed ogre. You burn the two-headed ogre.
The two-headed ogre is moderately wounded.
Your plate armour prevents you from hitting the two-headed ogre.
The two-headed ogre is moderately wounded.
You block the two-headed ogre's attack. x2
You closely miss the two-headed ogre.
The two-headed ogre is moderately wounded.
You hit the two-headed ogre but do no damage.
The two-headed ogre is moderately wounded.
The two-headed ogre closely misses you. You block the two-headed ogre's attack.
You hit the two-headed ogre. You burn the two-headed ogre.
The two-headed ogre is heavily wounded.
You block the two-headed ogre's attack.
The two-headed ogre hits you with a +0 giant club!!
You die...
Your body disappears without a glow.

#.........# #≈≈≈.## ########..#
#....###..####≈≈≈.####..........
#...## ##..##∩_...'.##.########.
#.### ##.###≈≈≈.#....# #. ##
#.##≈≈≈.####..# #.
#.#######.##..### ##. #..##
#.[###..#####). #...#####..#
###...#).[ ####..@...## ##..[..<
###O).[# ##..#### ##...# ##..##
# ##...## ##.### ##<##..###.##
### ##.####....## ##.. ##.##
##.).# ##... ##.## #...# ##....
##..# ##...####.....


You could see a two-headed ogre.

Vanquished Creatures
  Maurice (D:8)
  Prince Ribbit (D:9)
  2 hippogriffs
  A yak (D:8)
  A fire bat (D:6)
  2 steam dragons
  A porcupine (D:9)
  3 slaves
  2 orc warriors
  2 sky beasts
  4 ice beasts
  2 phantoms
  A necrophage (D:7)
  2 ogres
  5 centaurs
  3 bullfrogs
  A water moccasin zombie (D:6)
  2 scorpions
  A water moccasin skeleton (D:6)
  5 killer bees (D:6)
  2 electric eels (D:8)
  10 wights
  3 howler monkeys (D:8)
  10 crimson imps
  A centaur zombie (D:9)
  A bullfrog zombie (D:9)
  2 jellies
  9 orc wizards
  3 hounds
  An iguana (D:9)
  An iron imp (D:8)
  Jessica (D:3)
  7 worker ants
  3 hound zombies
  A mummy (D:7)
  A howler monkey skeleton (D:5)
  15 adders
  A shadow imp (D:6)
  3 white imps (D:8)
  2 oozes
  An adder zombie (D:5)
  A worm (D:3)
  4 dart slugs
  3 leopard geckos
  26 orcs
  A ball python (D:1)
  7 bats
  4 giant cockroaches
  5 goblins
  6 hobgoblins
  10 jackals
  5 quokkas
  5 frilled lizards
  3 kobolds
  A leopard gecko skeleton (D:4)
  A quokka zombie (D:6)
  10 rats
212 creatures vanquished.

Vanquished Creatures (collateral kills)
  A black bear (D:7)
  A howler monkey skeleton (D:7)
2 creatures vanquished.

Vanquished Creatures (others)
  A gnoll (D:6)
  2 orcs
3 creatures vanquished.

Grand Total: 217 creatures vanquished

Notes
Turn   | Place    | Note
-------+----------+-------------------------------------------
     0 | D:1      | Buyout the Human Gladiator began the quest for the Orb.
     0 | D:1      | Reached XP level 1. HP: 16/16 MP: 1/1
   162 | D:2      | Noticed a worker ant
   170 | D:2      | Killed a worker ant
   170 | D:2      | Reached XP level 2. HP: 22/22 MP: 2/2
   170 | D:2      | Reached XP level 3. HP: 27/27 MP: 3/3
   441 | D:2      | Reached XP level 4. HP: 29/33 MP: 4/4
  1267 | D:2      | Reached XP level 5. HP: 32/39 MP: 5/5
  1469 | D:3      | Found a hazy altar of Hepliaklqana.
  1471 | D:3      | Found a shimmering altar of Xom.
  1472 | D:3      | Noticed a spectral ugly thing
  2235 | D:4      | Noticed a phantom
  2250 | D:4      | Killed a phantom
  2250 | D:4      | Reached skill level 1 in Armour
  2250 | D:4      | Reached skill level 1 in Shields
  2250 | D:4      | Reached XP level 6. HP: 39/47 MP: 6/6
  2435 | D:4      | Found a basalt altar of Yredelemnul.
  2640 | D:4      | Found an ancient bone altar of Kikubaaqudgha.
  2993 | D:5      | Entered Level 5 of the Dungeon
  2993 | D:5      | Noticed an ice beast
  3001 | D:5      | Killed an ice beast
  3001 | D:5      | Reached XP level 7. HP: 48/52 MP: 7/7
  3017 | D:5      | Reached skill level 5 in Long Blades
  3788 | D:3      | Noticed Jessica
  3807 | D:3      | Killed Jessica
  4455 | D:3      | You fall into a shaft and drop 2 floors!
  4473 | D:5      | HP: 2/53 [orc wizard/puff of flame (8)]
  4912 | D:4      | Got a glimmering ring mail
  4989 | D:4      | Identified the +1 ring mail of Day {rCorr Str+2 Int+4} (You
                  | found it on level 4 of the Dungeon)
  5214 | D:5      | Reached XP level 8. HP: 32/60 MP: 8/8
  5239 | D:5      | Found a sparkling altar of Nemelex Xobeh.
  5251 | D:5      | Became a worshipper of Nemelex Xobeh the Trickster
  5563 | D:5      | Received a gift from Nemelex Xobeh
  5700 | D:5      | Found a sparkling altar of Nemelex Xobeh.
  5731 | D:5      | Got an ichor-stained spear
  5734 | D:5      | Identified the +3 spear "Pojihowo" {flame, rElec Str+6}
                  | (You found it on level 5 of the Dungeon)
  5756 | D:5      | Found an ornate altar of the Wu Jian Council.
  5966 | D:5      | Found a hide-covered altar of Uskayaw.
  5975 | D:5      | Reached * piety under Nemelex Xobeh
  5975 | D:5      | Received a gift from Nemelex Xobeh
  6139 | D:6      | Reached skill level 1 in Polearms
  6164 | D:6      | Found a staircase to the Ecumenical Temple.
  6183 | Temple   | Entered the Ecumenical Temple
  6515 | D:6      | Reached skill level 2 in Polearms
  6568 | D:6      | Noticed Pikel
  6586 | D:6      | Reached skill level 3 in Polearms
  6812 | D:6      | Reached XP level 9. HP: 66/66 MP: 9/9
  6904 | D:6      | Reached skill level 4 in Polearms
  7181 | D:6      | Found Meahal's Distillery.
  7188 | D:6      | Reached skill level 5 in Shields
  7206 | D:6      | Noticed Pikel
  7206 | D:6      | Pikel changed into Pikel the fire bat
  7218 | D:6      | Killed Pikel the fire bat
  7239 | D:6      | Bought a potion of might for 48 gold pieces
  7239 | D:6      | Bought a potion of invisibility for 96 gold pieces
  7285 | D:6      | Found a bloodstained altar of Trog.
  7348 | D:6      | Received a gift from Nemelex Xobeh
  7655 | D:7      | Noticed a sun demon
  7777 | D:7      | Reached ** piety under Nemelex Xobeh
  7919 | D:7      | Reached skill level 5 in Polearms
  8092 | D:7      | Received a gift from Nemelex Xobeh
  8303 | D:7      | Found a snail-covered altar of Cheibriados.
  8311 | D:7      | Reached skill level 5 in Dodging
  8547 | D:7      | Noticed a hippogriff
  8568 | D:7      | Killed a hippogriff
  8568 | D:7      | Reached skill level 6 in Polearms
  8934 | D:7      | Reached skill level 5 in Fighting
  8934 | D:7      | Reached XP level 10. HP: 61/74 MP: 10/10
  9271 | D:8      | Found Ukegier's Gadget Shoppe.
  9525 | D:8      | Reached skill level 7 in Polearms
  9920 | D:8      | Received a gift from Nemelex Xobeh
 10345 | D:8      | Reached skill level 5 in Armour
 10346 | D:8      | Reached *** piety under Nemelex Xobeh
 10521 | D:8      | Found a burning altar of Makhleb.
 10697 | D:8      | Reached skill level 8 in Polearms
 10812 | D:8      | Noticed Maurice
 10819 | D:8      | Killed Maurice
 10973 | D:9      | Noticed Prince Ribbit
 10986 | D:9      | Found a shimmering blue altar of Sif Muna.
 11146 | D:9      | Killed Prince Ribbit
 11146 | D:9      | Reached XP level 11. HP: 75/81 MP: 11/11
 11179 | D:9      | Found a glowing silver altar of Zin.
 11212 | D:9      | Noticed a death yak
 11212 | D:9      | Noticed a death yak
 11213 | D:9      | Found a staircase to the Lair.
 11213 | D:9      | Noticed a death yak
 11234 | D:9      | HP: 3/81 [death yak (7)]
 11261 | D:9      | Noticed a two-headed ogre
 11305 | D:8      | Slain by a two-headed ogre

Illustrated notes

Levels and vault maps discovered:
D:1:      minmay_arrival_split_and_join, layout_loops_ring
D:2:      minmay_chambers_of_ones, layout_basic, first_ration
D:3:      layout_basic, regret_index_temple_of_mockery, uniq_jessica
D:4:      layout_cave_pods, lemuel_crystal_altar,
          nicolae_overflow_hidden_temple, minivault_25
D:5:      layout_basic, lemuel_doored_altar, nemelex_altar_shiori,
          lemuel_round_altar, eat_drink_and_be_merry_uskayaw, basic_altar
D:6:      layout_rooms, kennysheep_mini_moat, temple_green, serial_shops, shop,
          uniq_pikel
D:7:      layout_layer_cave, slow_altar_1, ebering_dispersal_statue_hall,
          chequers_serial_rivers_micro_d, grunt_ogre_cave
D:8:      layout_layer_cave, makhleb_grotto_becter, serial_shops,
          nicolae_shop_stone, serial_ice, serial_ice_b, serial_ice_m,
          serial_ice_a, serial_ice_f, minmay_nine_imps, uniq_maurice
D:9:      cheibrodos_iron_armory, layout_basic, overflow_temple_1_default,
          zin_statuary, dpeg_lair_monsters, nrook_loot_triangle,
          minmay_unpleasant_kobolds, uniq_prince_ribbit1
Temple:   jpeg_temple_island

Skill      XL: |  1  2  3  4  5  6  7  8  9 10 |
---------------+-------------------------------+-----
Long Blades    | 4 5 |  5.5
Fighting       | 3 4 5 |  5.8
Armour         | 1 2 3 4 5 |  5.3
Shields        | 1 3 4 6 7 |  7.7
Dodging        | 4 5 |  5.1
Throwing       | 3 |  3.1
Polearms       | 3 6 8 |  8.9
Evocations     | |  0.3

Action                   |  1- 3 |  4- 6 |  7- 9 | 10-12 || total
-------------------------+-------+-------+-------+-------++-------
Melee: Long sword        |    39 |   152 |   176 |       ||   367
       Spear             |       |       |   323 |   264 ||   587
Throw: Throwing net      |     2 |     1 |       |       ||     3
       Boomerang         |       |     3 |    39 |    42 ||    84
Invok: Draw Destruction  |       |       |     4 |     5 ||     9
       Draw Escape       |       |       |     3 |       ||     3
       Draw Summoning    |       |       |     1 |       ||     1
Evoke: Wand              |       |     3 |     4 |     1 ||     8
  Use: Potion            |       |     4 |     5 |     6 ||    15
       Scroll            |       |     1 |    11 |     1 ||    13
  Eat: Ration            |     1 |     1 |     5 |     2 ||     9
       Chunk             |       |       |     2 |     1 ||     3
Armor: Leather armour    |     3 |       |       |       ||     3
       Scale mail        |     8 |    64 |    32 |       ||   104
       Ring mail         |       |       |   115 |       ||   115
       Plate armour      |       |       |    19 |    69 ||    88
Dodge: Dodged            |    28 |    98 |   213 |    55 ||   394
Block: Kite shield       |       |    23 |   281 |   132 ||   436
       Rpst.: Long sword |     8 |    26 |    21 |       ||    55
